 Dungeon Crawl Stone Soup version 0.30-a0-424-g7412bad402 (webtiles) character file.

Game seed: 3231284867310961653

400 scionoferis the Cudgeller (level 6, -4/55 HPs)
             Began as an Armataur Fighter on Dec 9, 2022.
             Slain by an ogre
             ... wielding a +0 giant spiked club
              (27 damage)
             ... on level 4 of the Dungeon.
             The game lasted 00:06:53 (2863 turns).

scionoferis the Cudgeller (Armataur Fighter)        Turns: 2863, Time: 00:06:54

Health: -4/55      AC:  8    Str: 22    XL:     6   Next: 54%
Magic:  6/6        EV:  5    Int:  8    God:
Gold:   208        SH:  4    Dex: 11    Spells: 5/5 levels left

rFire   . . .      SeeInvis +    a - +0 flail
rCold   . . .      Faith    .    c - +0 buckler
rNeg    + . .      Spirit   .    s - +0 chain mail
rPois   .          Reflect  .    (no helmet)
rElec   .          Harm     .    (no cloak)
rCorr   .          Roll     +    (no gloves)
Will    .....                    (no barding)
Stlth   ..........               (no amulet)
HPRegen 0.29/turn                u - ring of positive energy
MPRegen 0.10/turn                e - ring of see invisible

@: mighty
A: large, rugged brown scales 3, deformed body, armoured tail, roll, long
tongue, awkward tongue
a: no special abilities


You were on level 4 of the Dungeon.
You visited 1 branch of the dungeon, and saw 4 of its levels.

You collected 208 gold pieces.


Innate Abilities, Weirdness & Mutations

You are completely covered in rugged brown scales. (AC +3, +7% HP)
Armour fits poorly on your strangely shaped body.
You have a long armoured tail.
You roll when moving toward enemies. (Rampage)
Your long tongue fully drains potion bottles. (2x potion effects)
Your tongue gives you trouble enunciating. (1.5x scroll delay)


   Skills:
 + Level 4.2 Fighting
 * Level 5.1 Maces & Flails
 - Level 3.6 Armour
 - Level 4.0 Shields


You had 5 spell levels left.
You didn't know any spells.
Your spell library contained the following spells:

 Spells                   Type           Power      Damage    Failure   Level
 Apportation              Tloc           0%         N/A       99%         1
 Necrotise                Necr           0%         1d4       99%         1
 Slow                     Hex            0%         N/A       99%         1
 Summon Small Mammal      Summ           0%         N/A       99%         1
 Confusing Touch          Hex            0%         N/A       100%        3
 Vampiric Draining        Necr           0%         2d6       100%        3

Inventory:

Hand Weapons
 a - a +0 flail (weapon)
Armour
 c - a +0 buckler (worn)
 s - a +0 chain mail (worn)
   (You found it on level 3 of the Dungeon)
Jewellery
 e - a ring of see invisible (right hand)
   (You found it on level 4 of the Dungeon)
 u - a ring of positive energy (left hand)
   (You found it on level 3 of the Dungeon)
Scrolls
 b - a scroll of immolation {unknown}
 g - a scroll of torment {unknown}
 h - a scroll of enchant weapon {unknown}
 i - 2 scrolls of teleportation {unknown}
 l - a scroll of fog {unknown}
 p - a scroll of noise {unknown}
Potions
 d - a potion of ambrosia {unknown}
 f - a potion of magic
 j - a potion of curing
 k - a potion of invisibility
 m - a potion of heal wounds {unknown}
 n - 2 potions of attraction {unknown}
 o - 3 potions of haste {unknown}
 r - a potion of berserk rage {unknown}
 t - 2 potions of mutation {unknown}

Dungeon Overview and Level Annotations

Branches:
Dungeon (4/15)
 Temple: D:4-7

Altars:
Dithmenos
Kikubaaqudgha
Sif Muna
Uskayaw

#...)....#
#.....†..#
#........#
#...##...#
#...##..<#
#........+
#........#
#........#
#######@##
......O........
...............
..........###..
..........#
..........#
..........#
..........#


You could see an ogre.


Message History

Welcome, scionoferis the Armataur Fighter.
The heart of this dungeon contains the fabled artefact, the Orb of Zot.
Press ? for a list of commands and other information.
Found a staircase leading out of the dungeon.
You swing at nothing.
You swing at nothing.
You swing at nothing.
You swing at nothing.
You swing at nothing.
You swing at nothing.
You swing at nothing.
You swing at nothing.
You swing at nothing.
You swing at nothing.
Unknown command.
Found a leather armour.
e - a scroll labelled JAMYTH WIENE
f - a sedimented amethyst potion
Found a stone staircase leading down.
A rat comes into view.
There is a stone staircase leading down here.
You barely miss the rat. The rat closely misses you.
You barely miss the rat. The rat closely misses you.
You hit the rat.
You kill the rat!
No target in view!
No target in view!
You see here a rat corpse.
Found 4 stones.
Found a sling.
g - a scroll labelled TAN ZEMOIM A ball python comes into view.
The ball python hisses angrily.
You roll towards the ball python!
You closely miss the ball python.
Your tail-slap misses the ball python.
The ball python bites you.
The ball python bites you but does no damage.
You hit the ball python.
You kill the ball python!
No target in view!
HP restored.
e - 2 scrolls labelled JAMYTH WIENE (gained 1)
You see here a +0 sling.
A ball python comes into view.
Found a scroll labelled TOCAZU CUUJUDD.
The ball python hisses angrily.
You barely miss the ball python. The ball python bites you.
You hit the ball python.
You kill the ball python!
Your Maces & Flails skill increases to level 2!
No target in view!
A frilled lizard comes into view.
You roll towards the frilled lizard!
You closely miss the frilled lizard.
Your tail-slap misses the frilled lizard.
The frilled lizard barely misses you.
You closely miss the frilled lizard.
Your tail-slap misses the frilled lizard.
The frilled lizard barely misses you.
You barely miss the frilled lizard. The frilled lizard barely misses you.
The frilled lizard bites you but does no damage.
You miss the frilled lizard.
The frilled lizard bites you but does no damage.
You hit the frilled lizard.
You kill the frilled lizard!
No target in view!
h - a scroll labelled TOCAZU CUUJUDD A ball python comes into view.
The ball python hisses angrily.
You roll towards the ball python!
You closely miss the ball python.
The ball python bites you but does no damage.
You barely miss the ball python. You block the ball python's attack.
The ball python bites you but does no damage.
You sock the ball python!
You kill the ball python!
No target in view!
No target in view!
You now have 11 gold pieces.
You see here a ball python corpse.
A frilled lizard comes into view.
The frilled lizard hisses angrily.
Found a stone staircase leading down.
You roll towards the frilled lizard!
You closely miss the frilled lizard. You block the frilled lizard's attack.
You thump the frilled lizard!
You kill the frilled lizard!
No target in view!
Found 8 stones.
A hobgoblin comes into view.
The hobgoblin shouts!
An endoplasm comes into view.
You roll towards the hobgoblin!
You sock the hobgoblin!
You kill the hobgoblin!
Found an escape hatch in the floor.
You sock the endoplasm!
You kill the endoplasm!
No target in view!
You now have 24 gold pieces (gained 13).
i - a scroll labelled ASTICI HESEKIH A hobgoblin comes into view.
The hobgoblin shouts!
A hobgoblin comes into view.
There are monsters nearby!
The hobgoblin shouts!
You completely miss the hobgoblin.
The hobgoblin hits you but does no damage.
You completely miss the hobgoblin.
The hobgoblin hits you but does no damage.
The hobgoblin barely misses you.
You barely miss the hobgoblin.
Your tail-slap misses the hobgoblin.
The hobgoblin completely misses you.
You closely miss the hobgoblin. The hobgoblin hits you.
You closely miss the hobgoblin.
Your tail-slap misses the hobgoblin.
The hobgoblin hits you. x2
You hit the hobgoblin but do no damage. The hobgoblin barely misses you.
You thump the hobgoblin!
You kill the hobgoblin!
You have reached level 2!
You barely miss the hobgoblin. The hobgoblin closely misses you.
The hobgoblin hits you.
You barely miss the hobgoblin. The hobgoblin hits you.
You hit the hobgoblin.
The hobgoblin is severely wounded.
The hobgoblin hits you.
You sock the hobgoblin!
You kill the hobgoblin!
No target in view!
You start resting.
HP restored.
j - an inky potion
Found a robe.
Found a stone staircase leading down.
A ball python comes into view.
You closely miss the ball python. The ball python barely misses you.
You hit the ball python but do no damage.
The ball python closely misses you.
The ball python bites you but does no damage.
You completely miss the ball python. You tail-slap the ball python.
You kill the ball python!
No target in view!
No target in view!
There is a stone staircase leading down here.
A quokka comes into view.
You roll towards the quokka!
You barely miss the quokka.
Your tail-slap misses the quokka.
The quokka bites you but does no damage. x2
You closely miss the quokka. You tail-slap the quokka.
You kill the quokka!
No target in view!
A ball python comes into view.
The ball python hisses angrily.
The ball python bites you but does no damage.
You sock the ball python!
You kill the ball python!
No target in view!
You see here a ball python corpse.
A frilled lizard comes into view.
The frilled lizard hisses angrily.
You roll towards the frilled lizard!
You sock the frilled lizard!
You kill the frilled lizard!
No target in view!
You now have 35 gold pieces (gained 11).
There is a stone staircase leading down here.
k - a blue potion A goblin comes into view.
It is wielding a +0 dagger.
You hit the goblin.
You kill the goblin!
No target in view!
Things that are here:
a +0 dagger; a goblin corpse
e - 4 scrolls labelled JAMYTH WIENE (gained 2)
Found a hand axe.
l - a scroll labelled PYHE ECOVUWU You now have 47 gold pieces (gained 12).
m - 2 dark potions A hobgoblin comes into view.
The hobgoblin shouts!
You roll towards the hobgoblin!
You hit the hobgoblin.
The hobgoblin is severely wounded.
The hobgoblin hits you but does no damage.
You closely miss the hobgoblin.
The hobgoblin is severely wounded.
The hobgoblin hits you but does no damage.
You barely miss the hobgoblin. You tail-slap the hobgoblin.
You kill the hobgoblin!
No target in view!
A hobgoblin comes into view.
The hobgoblin shouts!
You hit the hobgoblin but do no damage. You block the hobgoblin's attack.
You closely miss the hobgoblin. You tail-slap the hobgoblin.
The hobgoblin is moderately wounded.
The hobgoblin hits you.
You closely miss the hobgoblin.
The hobgoblin is lightly wounded.
The hobgoblin hits you.
You barely miss the hobgoblin.
Your tail-slap misses the hobgoblin.
The hobgoblin is lightly wounded.
The hobgoblin barely misses you. You block the hobgoblin's attack.
You barely miss the hobgoblin.
The hobgoblin is lightly wounded.
The hobgoblin hits you.
You closely miss the hobgoblin.
The hobgoblin is lightly wounded.
The hobgoblin hits you.
You barely miss the hobgoblin. You tail-slap the hobgoblin.
The hobgoblin is heavily wounded.
The hobgoblin barely misses you. x2
You hit the hobgoblin.
You kill the hobgoblin!
No target in view!
You open the door.
A goblin and a kobold come into view.
The goblin shouts!
The kobold shouts!
You swing at nothing.
You thump the goblin!
You kill the goblin!
The kobold hits you with a +0 whip.
You completely miss the kobold. The kobold hits you but does no damage.
You miss the kobold. The kobold barely misses you.
You barely miss the kobold. The kobold hits you with a +0 whip.
The kobold closely misses you.
You sock the kobold!
You kill the kobold!
Your Fighting skill increases to level 3!
You swing at nothing.
There is an open door here.
Things that are here:
a +0 whip; a +0 club
There is a stone staircase leading down here.
Found an escape hatch in the floor.
A hobgoblin comes into view.
A hobgoblin is nearby!
You sock the hobgoblin!
You kill the hobgoblin!
No target in view!
There is a stone staircase leading down here.
You open the door.
There is an open door here.
There is an open door here.
Things that are here:
a +0 whip; a +0 club Done exploring.
Done exploring.
There is an open door here.
Things that are here:
a +0 whip; a +0 club
There is an open door here.
There is a stone staircase leading down here.
Search for what [? for help]? d: Unknown command.
You climb downwards.
The frilled lizard hisses angrily.
There is a stone staircase leading up here.
You closely miss the frilled lizard. The frilled lizard barely misses you.
You barely miss the frilled lizard.
Your tail-slap misses the frilled lizard.
The frilled lizard bites you but does no damage.
You barely miss the frilled lizard.
Your tail-slap misses the frilled lizard.
The frilled lizard barely misses you. The frilled lizard bites you.
You closely miss the frilled lizard.
Your tail-slap misses the frilled lizard.
The frilled lizard barely misses you.
You sock the frilled lizard!
You kill the frilled lizard!
No target in view!
As you slowly read the scroll labelled JAMYTH WIENE, it crumbles to dust.
It is a scroll of identify.
f - a potion of magic As you slowly read the scroll of identify, it crumbles to dust.
m - 2 potions of degeneration As you slowly read the scroll of identify, it crumbles to dust.
j - a potion of curing As you slowly read the scroll of identify, it crumbles to dust.
k - a potion of invisibility You drop 2 potions of degeneration.
There is a stone staircase leading up here.
Found a spear.
You see here a frilled lizard corpse.
A worm comes into view.
An adder comes into view.
Found a sedimented cyan potion.
The adder hisses angrily.
You see here a brown potion.
Found 8 gold pieces.
Found a stone staircase leading up.
The adder bites you but does no damage.
You hit the adder.
The adder is lightly wounded.
The adder bites you but does no damage.
You hit the adder.
The adder is moderately wounded.
The adder bites you but does no damage. The adder barely misses you.
You hit the adder.
The adder is moderately wounded.
The adder bites you but does no damage. The adder bites you.
You are poisoned.
The adder poisons you!
You sock the adder!
You kill the adder!
You feel sick.
You have reached level 3!
Your experience leads to an increase in your attributes!
Increase (S)trength, (I)ntelligence, or (D)exterity?
You feel agile. x2
You feel sick.
An endoplasm comes into view.
You feel sick.
The endoplasm quivers.
You see here a brown potion.
You feel sick.
You feel sick.
You feel sick.
You are no longer poisoned.
You see here a frilled lizard corpse.
There is a stone staircase leading up here.
You climb upwards.
There is a stone staircase leading down here.
HP restored.
There is a stone staircase leading down here.
You start waiting.
Done waiting.
You climb downwards.
Found an escape hatch in the floor and an escape hatch in the ceiling.
There is a stone staircase leading up here.
A ball python comes into view.
The ball python hisses angrily.
A rat comes into view.
You sock the ball python!
You kill the ball python!
You barely miss the rat. You tail-slap the rat.
You kill the rat!
No target in view!
You see here a ball python corpse.
e - a scroll labelled NOEFRYWKOD You now have 61 gold pieces (gained 14).
Found a falchion.
You see here a +0 falchion.
A worm is nearby!
You roll towards the worm!
The worm bites you but does no damage.
You hit the worm.
The worm is lightly wounded.
You hit the worm but do no damage.
The worm is lightly wounded.
The worm bites you.
You hit the worm.
The worm is moderately wounded.
You block the worm's attack.
You sock the worm!
The worm is severely wounded.
The worm bites you!
You sock the worm!
You kill the worm!
No target in view!
HP restored.
m - a brown potion Sigmund the Dreaded comes into view.
He is wielding a +0 scythe.
Found a stone staircase leading down.
Sigmund shouts!
Sigmund casts a spell at you. You resist with significant effort.
The endoplasm quivers.
You see here a frilled lizard skeleton.
You hit the endoplasm. You tail-slap the endoplasm.
The endoplasm is almost dead.
The endoplasm hits you but does no damage.
The endoplasm freezes you.
You are frozen.
You hit the endoplasm.
You kill the endoplasm!
You start resting.
Sigmund is nearby!
You slurp down every last drop of the potion of might!
You feel very mighty all of a sudden. Sigmund gestures at you while chanting.
The puff of flame misses you.
You see here a frilled lizard skeleton.
You roll towards Sigmund!
You barely miss Sigmund. You block Sigmund's attack.
You hit Sigmund.
Sigmund is lightly wounded.
Sigmund hits you but does no damage.
You bludgeon Sigmund!!
Sigmund is almost dead.
Sigmund completely misses you.
You thump Sigmund!
You kill Sigmund!
Training target 4.0 for Shields reached!
Your Maces & Flails skill gained 2 levels and is now at level 4!
Your Shields skill increases to level 4!
You have reached level 4!
You feel stronger.
You have reached level 5!
d - a fizzy emerald potion
Things that are here:
a +0 scythe; a +0 robe HP restored.
You now have 69 gold pieces (gained 8).
Found a ring mail.
Found 5 stones.
n - a sedimented cyan potion
Found a stone staircase leading down.
You see here a +0 ring mail.
A rat comes into view.
Found a sling.
There is a stone staircase leading down here.
You completely miss the rat. The rat barely misses you.
You bludgeon the rat!!
You kill the rat!
No target in view!
o - a scroll of identify You feel a little less mighty now.
An adder comes into view.
The adder hisses angrily.
As you slowly read the scroll of identify, it crumbles to dust.
e - a scroll of poison You closely miss the adder.
The adder bites you.
You sock the adder!
You kill the adder!
No target in view!
You see here an adder corpse.
Found a dagger.
You see here a +0 dagger.
You now have 71 gold pieces (gained 2).
Found a stone staircase leading down.
Save game and exit?
Welcome back, scionoferis the Armataur Fighter.
Press ? for a list of commands and other information.
Sorry, you're not good enough to have a special ability.
There is a stone staircase leading up here.
You see here a ball python skeleton.
A hobgoblin comes into view.
The hobgoblin shouts!
You thump the hobgoblin!
You kill the hobgoblin!
You see here a hobgoblin corpse.
You see here a +0 spear.
o - a black potion
p - a scroll labelled XUIXOC BUKH You now have 81 gold pieces (gained 10).
You now have 92 gold pieces (gained 11).
You now have 109 gold pieces (gained 17).
Done exploring.
There is a stone staircase leading down here.
You climb downwards.
There is a stone staircase leading up here.
Search for what [? for help]? d: A worm comes into view.
You barely miss the worm. You tail-slap the worm!
The worm is heavily wounded.
You sock the worm!
You kill the worm!
No target in view!
A frilled lizard comes into view.
The frilled lizard hisses angrily.
You barely miss the frilled lizard. You block the frilled lizard's attack.
You sock the frilled lizard!
You kill the frilled lizard!
An orc comes into view. It is wielding a +0 club.
The orc shouts!
You barely miss the orc. The orc closely misses you. The orc barely misses you.
You sock the orc!
You kill the orc!
No target in view!
Things that are here:
a +0 club; an orc corpse
q - a potion of might
Found a stone staircase leading down.
There is a stone staircase leading down here.
A rat comes into view.
A hobgoblin comes into view.
The hobgoblin shouts!
You closely miss the rat. You block the rat's attack.
You closely miss the rat. The rat completely misses you.
You sock the rat!
You kill the rat!
You barely miss the hobgoblin.
The hobgoblin hits you but does no damage.
The hobgoblin hits you.
You closely miss the hobgoblin.
You tail-slap the hobgoblin, but do no damage.
The hobgoblin completely misses you.
You closely miss the hobgoblin.
You tail-slap the hobgoblin, but do no damage.
The hobgoblin hits you.
You closely miss the hobgoblin.
Your tail-slap misses the hobgoblin.
The hobgoblin hits you.
You hit the hobgoblin.
You kill the hobgoblin!
No target in view!
HP restored.
Found a leather armour.
You now have 125 gold pieces (gained 16).
An orc comes into view. It is wielding a +0 hand axe.
The orc shouts!
An orc is nearby!
You roll towards the orc!
You roll towards the orc!
You hit the orc.
The orc is moderately wounded.
You block the orc's attack. x2
You hit the orc.
The orc is heavily wounded.
You block the orc's attack.
You closely miss the orc.
The orc is heavily wounded.
The orc hits you with a +0 hand axe.
You hit the orc.
The orc is almost dead.
The orc hits you but does no damage.
You closely miss the orc. You tail-slap the orc.
You kill the orc!
A kobold comes into view. It is wielding a +0 dagger.
The kobold shouts!
The kobold throws a stone.
The stone barely misses you.
You see here a +0 hand axe.
You roll towards the kobold!
You barely miss the kobold. The kobold hits you but does no damage.
You sock the kobold!
You kill the kobold!
Things that are here:
a +0 dagger; 3 stones; a kobold corpse
r - a viscous clear potion
Found a chain mail.
An adder comes into view.
The adder hisses angrily.
You roll towards the adder!
You miss the adder.
Your tail-slap misses the adder.
You block the adder's attack.
You miss the adder. You tail-slap the adder.
The adder is heavily wounded.
The adder closely misses you. You block the adder's attack.
You sock the adder!
You kill the adder!
You have 125 gold pieces.
Unknown command.
You see here an adder corpse.
You see here a +0 chain mail.
s - a +0 chain mail You start removing your armour.
You continue taking off your +0 scale mail. x4
You finish taking off your +0 scale mail.
You start putting on your armour.
You continue putting on your +0 chain mail. x5
You finish putting on your +0 chain mail.
Unknown command.
You drop a +0 scale mail.
An adder comes into view.
The adder hisses angrily.
You closely miss the adder. The adder bites you.
The adder bites you but does no damage.
You barely miss the adder. The adder bites you.
You are poisoned.
The adder poisons you!
You miss the adder.
You feel sick. You block the adder's attack.
The adder bites you but does no damage.
You miss the adder.
Your tail-slap misses the adder.
You feel sick. The adder bites you. The adder bites you but does no damage.
You hit the adder.
The adder is heavily wounded.
You feel sick. You block the adder's attack.
You closely miss the adder.
The adder is heavily wounded.
You feel sick.
You are no longer poisoned.
The adder bites you.
You are poisoned.
The adder poisons you! The adder barely misses you.
You miss the adder.
The adder is moderately wounded.
You feel sick. You block the adder's attack.
You hit the adder. You tail-slap the adder.
You kill the adder!
You feel sick.
You start resting.
You feel sick. x4
You are no longer poisoned.
You start resting.
HP restored.
You now have 135 gold pieces (gained 10).
You now have 149 gold pieces (gained 14).
An endoplasm comes into view.
The endoplasm quivers.
You hit the endoplasm. You tail-slap the endoplasm.
The endoplasm is severely wounded.
The endoplasm barely misses you.
You sock the endoplasm!
You kill the endoplasm!
No target in view!
Found a stone staircase leading up.
Found a leather armour.
You now have 167 gold pieces (gained 18).
A quokka comes into view.
You roll towards the quokka!
You roll towards the quokka!
You barely miss the quokka.
The quokka bites you but does no damage. x2
You closely miss the quokka.
The quokka bites you but does no damage.
You completely miss the quokka.
Your tail-slap misses the quokka.
The quokka barely misses you.
The quokka bites you but does no damage.
You barely miss the quokka.
Your tail-slap misses the quokka.
The quokka bites you. You block the quokka's attack.
You sock the quokka!
You kill the quokka!
No target in view!
You see here a quokka corpse.
Found a stone staircase leading down.
There is a stone staircase leading down here.
Found a ring mail.
A hound comes into view.
You barely miss the hound. The hound barely misses you.
You closely miss the hound.
Your tail-slap misses the hound.
The hound bites you but does no damage. The hound closely misses you.
You miss the hound. The hound bites you.
The hound bites you but does no damage.
You barely miss the hound.
The hound bites you but does no damage. x2
You closely miss the hound. The hound barely misses you. The hound bites you.
You hit the hound.
The hound is moderately wounded.
The hound bites you but does no damage. x2
You miss the hound.
Your tail-slap misses the hound.
The hound is moderately wounded.
The hound bites you but does no damage. The hound bites you.
You hit the hound but do no damage.
The hound is moderately wounded.
The hound bites you. x2
You barely miss the hound.
The hound is moderately wounded.
You block the hound's attack.
You sock the hound! You tail-slap the hound.
You kill the hound!
You have reached level 6!
You see here a +0 club.
You see here a +0 club.
A rat comes into view.
You thump the rat!
You kill the rat!
No target in view!
Found a flail.
No target in view!
You see here a +0 flail.
Found a stone staircase leading up.
Found a stone staircase leading down.
You now have 177 gold pieces (gained 10).
b - a scroll labelled PUZYKH DAMOM An orc comes into view.
It is wielding a +0 flail.
The orc shouts!
You hit the orc.
The orc is moderately wounded.
The orc hits you with a +0 flail.
The orc suddenly curses.
The orc completely misses you.
You hit the orc.
You kill the orc!
Your Fighting skill increases to level 4!
No target in view!
You see here a +0 flail.
t - 2 viscous white potions
u - a ring of positive energy
There are no items here.
u - a ring of positive energy (left hand)
An adder comes into view.
The adder hisses angrily.
You roll towards the adder!
You closely miss the adder. You tail-slap the adder.
The adder is heavily wounded.
The adder bites you but does no damage.
You miss the adder.
The adder is heavily wounded.
The adder bites you.
You are poisoned.
The adder poisons you! The adder bites you but does no damage.
You barely miss the adder.
Your tail-slap misses the adder.
The adder is heavily wounded.
You feel sick. The adder bites you but does no damage.
You thump the adder!
You kill the adder!
You feel sick.
No target in view!
You feel sick.
You feel sick.
You feel sick.
You are no longer poisoned.
There is a stone staircase leading down here.
A quokka comes into view.
The quokka moves out of view.
You roll towards the quokka!
You hit the quokka.
The quokka is almost dead.
The quokka bites you but does no damage.
The quokka bites you.
You closely miss the quokka. You tail-slap the quokka.
You kill the quokka!
You see here a quokka corpse.
An adder comes into view.
The adder hisses angrily.
You roll towards the adder!
You closely miss the adder. You tail-slap the adder.
The adder is moderately wounded.
The adder barely misses you.
You miss the adder.
The adder is moderately wounded.
The adder bites you but does no damage. You block the adder's attack.
You hit the adder.
The adder is severely wounded.
The adder bites you but does no damage.
You miss the adder.
The adder is severely wounded.
The adder bites you but does no damage. x2
You closely miss the adder. You tail-slap the adder.
You kill the adder!
A hobgoblin comes into view.
The hobgoblin shouts!
You roll towards the hobgoblin!
You sock the hobgoblin!
You kill the hobgoblin!
No target in view!
Found a shimmering blue altar of Sif Muna and a shadowy altar of Dithmenos.
No target in view!
Found a faded altar of an unknown god.
Found an ancient bone altar of Kikubaaqudgha.
Found a hide-covered altar of Uskayaw.
There is an open door here.
You see here a +0 hand axe.
Done exploring.
Unknown command.
There is a stone staircase leading down here.
You climb downwards.
Found five items.
There is a stone staircase leading up here.
An orc comes into view. It is wielding a +0 hand axe.
The orc shouts!
A hound comes into view.
The hound barks!
You roll towards the orc!
You barely miss the orc. You block the orc's attack.
You hit the orc but do no damage. The orc barely misses you.
You sock the orc!
You kill the orc!
The hound bites you but does no damage.
You thump the hound!
The hound is heavily wounded.
The hound bites you. x2
You barely miss the hound.
The hound is heavily wounded.
An ufetubus comes into view.
The hound barely misses you. The hound bites you but does no damage.
You closely miss the hound.
The ufetubus shouts!
You tail-slap the hound.
The hound is severely wounded.
The hound bites you but does no damage. The hound bites you.
You sock the hound!
You kill the hound!
You roll towards the ufetubus!
Found a sedimented cyan potion and a black potion.
You miss the ufetubus.
The ufetubus hits you but does no damage. x4
You barely miss the ufetubus. You tail-slap the ufetubus.
The ufetubus is moderately wounded.
The ufetubus hits you.
The ufetubus hits you but does no damage.
You barely miss the ufetubus.
Your tail-slap misses the ufetubus.
The ufetubus is moderately wounded.
The ufetubus hits you but does no damage. x3
The ufetubus hits you.
You miss the ufetubus. You tail-slap the ufetubus.
The ufetubus is moderately wounded.
The ufetubus hits you.
The ufetubus hits you but does no damage. x3
You sock the ufetubus!
You kill the ufetubus!
Things that are here:
a +0 hand axe; a +0 ring mail; an orc corpse You pick up a book of Debilitation and begin reading...
You add the spells Slow, Vampiric Draining and Confusing Touch to your library.
Found 16 gold pieces.
Found a stone staircase leading up.
A scorpion comes into view.
There is a stone staircase leading up here.
Really read the scroll of poison?
The air fills with toxic fumes!
As you slowly read the scroll of poison, it crumbles to dust.
Unknown command.
The scorpion stings you but does no damage.
You sock the scorpion!
Your tail-slap misses the scorpion.
The scorpion is heavily wounded.
The scorpion stings you but does no damage.
You barely miss the scorpion.
The scorpion is heavily wounded.
You block the scorpion's attack.
You closely miss the scorpion.
The scorpion is heavily wounded.
The scorpion barely misses you.
The scorpion stings you but does no damage.
You thump the scorpion!
You kill the scorpion!
Your Maces & Flails skill increases to level 5!
HP restored.
o - 2 black potions (gained 1)
You pick up a book of Cantrips and begin reading...
You add the spells Necrotise, Summon Small Mammal and Apportation to your library.
e - a ring of see invisible
e - a ring of see invisible (right hand)
You now have 193 gold pieces (gained 16).
n - 2 sedimented cyan potions (gained 1)
i - 2 scrolls labelled ASTICI HESEKIH (gained 1)
o - 3 black potions (gained 1)
You now have 208 gold pieces (gained 15).
You open the door.
There is an open door here.
Found a stone staircase leading up.
A ball python comes into view.
The ball python hisses angrily.
You roll towards the ball python!
You sock the ball python!
You kill the ball python!
No target in view!
A kobold comes into view. It is wielding a +0 dagger.
The kobold shouts!
You barely miss the kobold. You block the kobold's attack.
You barely miss the kobold.
Your tail-slap misses the kobold.
The kobold hits you but does no damage.
You closely miss the kobold. You block the kobold's attack.
You closely miss the kobold. You block the kobold's attack.
You closely miss the kobold. The kobold hits you but does no damage.
The kobold hits you with a +0 dagger.
You miss the kobold. The kobold hits you but does no damage.
You sock the kobold!
You kill the kobold!
No target in view!
Things that are here:
a +0 dagger; a kobold corpse You open the door.
An ogre comes into view. It is wielding a +0 giant spiked club.
There is an open door here.
You slurp down every last drop of the potion of might!
You feel very mighty all of a sudden.
You thump the ogre!
The ogre is heavily wounded.
The ogre hits you with a +0 giant spiked club!!
You hit the ogre.
Your tail-slap misses the ogre.
The ogre is heavily wounded.
The ogre hits you with a +0 giant spiked club!
You are too injured to fight recklessly!
You are too injured to fight recklessly!
You barely miss the ogre.
The ogre is heavily wounded.
You barely miss the ogre.
The ogre is heavily wounded.
The ogre barely misses you.
You barely miss the ogre.
The ogre is heavily wounded.
The ogre hits you with a +0 giant spiked club!!
You die...

Skill      XL: |  1  2  3  4  5  6 |
---------------+-------------------+-----
Maces & Flails | 2 4 5 |  5.1
Fighting       | 3 4 |  4.2
Shields        | 4 |  4.0
Armour         | |  3.6

Action                   |  1- 3 |  4- 6 || total
-------------------------+-------+-------++-------
Melee: Flail             |    77 |    98 ||   175
       Tailslap          |     7 |    15 ||    22
  Use: Scroll            |     4 |     2 ||     6
       Potion            |     1 |     1 ||     2
Armor: Scale mail        |    22 |     3 ||    25
       Chain mail        |       |    42 ||    42
Dodge: Dodged            |    22 |    19 ||    41
Block: Buckler           |     6 |    18 ||    24

Levels and vault maps discovered:
D:1:      dpeg_arrival_boxorama, layout_basic, minivault_5
D:2:      layout_rooms, uniq_sigmund
D:3:      layout_basic, chequers_temple_overflow_minitemple
D:4:      kennysheep_the_goblin_king, layout_gridville

Notes
Turn   | Place    | Note
-------+----------+-------------------------------------------
     0 | D:1      | scionoferis the Armataur Fighter began the quest for the
                  | Orb.
     0 | D:1      | Reached XP level 1. HP: 19/19 MP: 1/1
    96 | D:1      | Reached skill level 2 in Maces & Flails
   226 | D:1      | Reached XP level 2. HP: 21/26 MP: 2/2
   774 | D:1      | Reached skill level 3 in Fighting
   949 | D:2      | Reached XP level 3. HP: 29/33 MP: 3/3
  1209 | D:2      | Noticed Sigmund
  1230 | D:2      | Killed Sigmund
  1231 | D:2      | Reached skill level 4 in Maces & Flails
  1231 | D:2      | Reached skill level 4 in Shields
  1231 | D:2      | Reached XP level 4. HP: 39/42 MP: 4/4
  1231 | D:2      | Reached XP level 5. HP: 46/49 MP: 5/5
  1392 | D:2      | Upgraded the game from 0.30-a0-422-g946f4849ff to
                  | 0.30-a0-424-g7412bad402
  2084 | D:3      | Reached XP level 6. HP: 46/55 MP: 6/6
  2371 | D:3      | Reached skill level 4 in Fighting
  2519 | D:3      | Found a shimmering blue altar of Sif Muna.
  2519 | D:3      | Found a shadowy altar of Dithmenos.
  2527 | D:3      | Found a faded altar of an unknown god.
  2529 | D:3      | Found an ancient bone altar of Kikubaaqudgha.
  2531 | D:3      | Found a hide-covered altar of Uskayaw.
  2721 | D:4      | Reached skill level 5 in Maces & Flails
  2863 | D:4      | Slain by an ogre

Vanquished Creatures
  Sigmund (D:2)
  A scorpion (D:4)
  2 hounds (D:3 D:4)
  6 adders (D:2 D:3)
  An ufetubus (D:4)
  2 worms (D:2 D:3)
  4 orcs (D:3 D:4)
  7 ball pythons (D:1 D:2 D:4)
  3 endoplasms (D:1 D:2 D:3)
  9 hobgoblins (D:1 D:2 D:3)
  3 kobolds (D:1 D:3 D:4)
  3 quokkas (D:1 D:3)
  5 frilled lizards (D:1 D:2 D:3)
  2 goblins (D:1)
  5 rats (D:1 D:2 D:3)
54 creatures vanquished.

Table legend: (Time is in decaauts)
 A = Elapsed time spent in this place.
 B = Non-inter-level travel time spent in this place.
 C = Inter-level travel time spent in this place.
 D = Time resting spent in this place.
 E = Time spent auto-exploring this place.
 F = Levels seen in this place.
 G = Mean time per level.
                   A        B        C        D        E       F      G
               +--------+--------+--------+--------+--------+-----+--------+
         Total |   2912 |   2811 |    101 |    209 |   2060 |   4 |  728.0 |
       Dungeon |   2912 |   2811 |    101 |    209 |   2060 |   4 |  728.0 |
               +--------+--------+--------+--------+--------+-----+--------+

Top non-repeatable levels by time:
     D:1: 1078 daAuts
     D:3: 1051 daAuts
     D:2: 580 daAuts
     D:4: 201 daAuts

Table legend:
 A = Non-vault XP
 B = Vault XP
 C = Vault XP percentage of total XP
 D = Non-vault monster count
 E = Vault monster count
 F = Vault count percentage of total count
                 A         B        C        D         E       F
            +---------+---------+-------+---------+---------+-------
      Total |     346 |     226 |  39.5 |      53 |       1 |   1.9
            +---------+---------+-------+---------+---------+-------
        D:1 |      33 |       0 |   0.0 |      20 |       0 |   0.0
        D:2 |      42 |     226 |  84.3 |       9 |       1 |  10.0
        D:3 |     126 |       0 |   0.0 |      18 |       0 |   0.0
        D:4 |     145 |       0 |   0.0 |       6 |       0 |   0.0
            +---------+---------+-------+---------+---------+-------
